 Dungeon Crawl Stone Soup version 0.30-a0-639-g3916f1956a (webtiles) character file.

Game seed: 9383827262088221101

13438 garrulousMonolith the Geomancer (level 12, -10/71 HPs)
             Began as a Gargoyle Earth Elementalist on Jan 17, 2023.
             Was a High Priest of Okawaru.
             Shot with a bolt by a minotaur (28 damage)
             ... in a Gauntlet.
             The game lasted 00:20:53 (12092 turns).

garrulousMonolith the Geomancer (GrEE)             Turns: 12092, Time: 00:20:54

Health: -10/71     AC: 24    Str: 14    XL:     12   Next: 6%
Magic:  16/20      EV: 15    Int: 19    God:    Okawaru [*****.]
Gold:   82         SH:  0    Dex: 14    Spells: 15/22 levels left

rFire   . . .      SeeInvis +    L - +10 morningstar "Eos" {elec, Halo rElec}
rCold   . . .      Faith    +    (no shield)
rNeg    + + .      Spirit   .    y - +0 ring mail
rPois   ∞          Reflect  .    d - +2 helmet {SInv}
rElec   +          Harm     .    N - +1 cloak
rCorr   .          Rampage  .    (no gloves)
Will    ++...      NoTele   +    v - +0 pair of boots
Stlth   ++                       a - amulet "Epecanwo" {Faith rN+ Regen+ SInv}
HPRegen 1.11/turn                m - ring "Cerchuat" {Will+ Dex+4 Stlth+}
MPRegen 0.17/turn                A - ring of willpower

@: heroic, glowing
A: sickness immunity, AC +8, negative energy resistance 1, electricity
resistance, torment resistance 1, petrification resistance
a: Renounce Religion, Heroism, Finesse, Duel


You were in a Gauntlet.
You worshipped Okawaru.
Okawaru was extremely pleased with you.
You visited 3 branches of the dungeon, and saw 13 of its levels.
You also visited: Sewer and Gauntlet.

You collected 801 gold pieces.
You spent 719 gold pieces at shops.

Inventory:

Hand Weapons
 n - the +10 mace "Umu Wyvum" {chaos, *Slow rPois Will+}
   (You found it on level 2 of the Dungeon)

   rPois:     It protects you from poison.
   *Slow:     It may slow you when you take damage.
   Will:      It increases your willpower.
 L - the +10 morningstar "Eos" (weapon) {elec, Halo rElec}
   (You found it on level 4 of the Dungeon)

   Halo:      It grants its wielder a halo, revealing invisible creatures and
   increasing accuracy against all within it other than the wielder.
   rElec:     It insulates you from electricity.
 P - the +11 Singing Sword {sonic wave}
   (You found it on level 10 of the Dungeon)
Missiles
 j - 27 poisoned darts (quivered)
 o - 3 throwing nets
Armour
 d - a +2 helmet of see invisible (worn)
 v - a +0 pair of boots (worn)
 y - a +0 ring mail (worn)
 N - a +1 cloak (worn)
Jewellery
 a - the amulet "Epecanwo" (around neck) {Faith rN+ Regen+ SInv}
   (You acquired it on level 5 of the Dungeon)

   [amulet of faith]

   It allows you to gain divine favour quickly.
   rN:        It protects you from negative energy.
   SInv:      It lets you see invisible.
   Regen:     It increases your rate of health regeneration.
 h - a ring of fire
 i - a +5 ring of evasion
 m - the ring "Cerchuat" (left hand) {Will+ Dex+4 Stlth+}
   (You found it in a Gauntlet)

   [ring of willpower]

   Dex:       It affects your dexterity (+4).
   Will:      It increases your willpower.
   Stlth:     It makes you more stealthy.
 s - the ring "Diarr" {Will++ Dex+6}
   (You found it in a Gauntlet)

   [ring of dexterity]

   Dex:       It affects your dexterity (+6).
   Will:      It greatly increases your willpower.
 u - a ring of positive energy
 A - a ring of willpower (right hand)
 E - a ring of see invisible
 G - an amulet of reflection
Wands
 r - a wand of digging (3)
 t - a wand of polymorph (6)
 D - a wand of roots (8)
 K - a wand of mindburst (9)
 M - a wand of flame (43)
Scrolls
 b - a scroll of summoning {unknown}
 f - 2 scrolls of amnesia
 k - 7 scrolls of teleportation
 l - 4 scrolls of immolation
 w - a scroll of magic mapping
 B - a scroll of fog
 H - a scroll of enchant armour
 O - a scroll of silence {unknown}
Potions
 c - a potion of lignification {unknown}
 e - 4 potions of might
 g - 2 potions of cancellation
 p - a potion of brilliance {unknown}
 q - 2 potions of berserk rage
 x - 2 potions of resistance
 z - 2 potions of ambrosia {unknown}
 C - a potion of curing
 F - 2 potions of mutation
 I - 2 potions of attraction {unknown}
 Q - a potion of flight {unknown}


   Skills:
 + Level 6.7(11.7) Fighting
 + Level 5.8(10.8) Maces & Flails
 + Level 6.7(11.7) Armour
 + Level 5.3(10.3) Dodging
 - Level 2.1(7.1) Stealth
 + Level 5.9 Spellcasting
 * Level 9.6 Conjurations
 - Level 1.0 Transmutations
 * Level 11.1 Earth Magic
 + Level 4.9 Invocations


You had 15 spell levels left.
You knew the following spells:

 Your Spells              Type           Power      Damage    Failure   Level
a - Sandblast             Erth           96%        2d20      1%          1
b - Stone Arrow           Conj/Erth      90%        3d12      1%          3
c - Passwall              Tmut/Erth      23%        N/A       2%          2
d - Shock                 Conj/Air       96%        1d9       2%          1

Your spell library contained the following spells:

 Spells                   Type           Power      Damage    Failure   Level
 Magic Dart               Conj           100%       1d8       1%          1
 Beastly Appendage        Tmut           18%        N/A       13%         1
 Mephitic Cloud           Conj/Pois/Air  17%        N/A       16%         3
 Petrify                  Tmut/Erth      28%        N/A       16%         4
 Wereblood                Tmut           9%         N/A       21%         2
 Poisonous Vapours        Pois/Air       10%        N/A       30%         2
 Spider Form              Tmut/Pois      7%         N/A       43%         3
 Borgnjor's Vile Clutch   Necr/Erth      13%        N/A       50%         5
 Portal Projectile        Hex/Tloc       10%        N/A       52%         3
 Swiftness                Air            5%         N/A       52%         3
 Airstrike                Air            2%         2d(1-17)  89%         4
 Anguish                  Hex/Necr       2%         N/A       89%         4
 Blade Hands              Tmut           4%         N/A       98%         5
 Enfeeble                 Hex            2%         N/A       100%        7
 Call Imp                 Summ           Unusable   N/A       N/A         2
 Cigotuvi's Dreadful Rot  Necr/Pois/Air  Unusable   N/A       N/A         2
 Tukima's Dance           Hex            Unusable   N/A       N/A         3
 Animate Dead             Necr           Unusable   N/A       N/A         4
 Death Channel            Necr           Unusable   N/A       N/A         6

Dungeon Overview and Level Annotations

Branches:
Dungeon (11/15)            Temple (1/1) D:7            Lair (1/5) D:9
    Orc (0/2) D:11          Sewer (visited)         Gauntlet (1/1)

Altars:
Ashenzari
Cheibriados
Dithmenos
Elyvilon
Fedhas
Hepliaklqana
Kikubaaqudgha
Makhleb
Nemelex Xobeh
Okawaru
Qazlal
Ru
Sif Muna
Trog
Uskayaw
Vehumet
Wu Jian
Zin
The Shining One

Shops:
D:2 (!?!   D:5 [=(=   D:6 [   D:11 *

Annotations:
Gauntlet 8 transporters, 2 runed translucent doors


Innate Abilities, Weirdness & Mutations

You are immune to sickness and miasma.
Your stone body is resilient. (AC +8)
You are immune to poison.
You resist negative energy. (rN+)
You are resistant to electric shocks. (rElec)
You are resistant to unholy torment.
You are immune to petrification.


Message History

The minotaur bellows!
The minotaur shoots a bolt.
The bolt hits you!!
Found four items.
Casting: Stone Arrow (safe; 1% risk of failure)
Confirm with . or Enter, or press ? or * to list all spells.
You can't see any susceptible monsters within range! (Use Z to cast anyway.)
Found a gate leading back out of this place.
The minotaur shoots a bolt.
The bolt hits you!!
There is an open door here.
Casting: Stone Arrow (safe; 1% risk of failure)
Confirm with . or Enter, or press ? or * to list all spells.
You can't see any susceptible monsters within range! (Use Z to cast anyway.)
Casting: Stone Arrow (safe; 1% risk of failure)
Confirm with . or Enter, or press ? or * to list all spells.
Aiming: Stone Arrow (safe; 1% risk of failure)
Press: ? - help, Shift-Dir - straight line, f - minotaur
Aim: a minotaur, wielding the +7 arbalest "Leroll" {heavy, rF++ Will+ rCorr}, wearing a +0 plate armour and quivering silver javelins (89% to hit)
The stone arrow hits the minotaur but does no damage.
The minotaur shoots a bolt.
The bolt hits you!!
* * * LOW HITPOINT WARNING * * *
Okay, then.
Okay, then.
As you read the scroll of fog, it crumbles to dust.
The scroll dissolves into smoke.
You feel better.
You gain the combat prowess of a mighty hero.
The minotaur shoots a bolt.
The bolt closely misses you.
Casting: Stone Arrow (safe; 1% risk of failure)
Confirm with . or Enter, or press ? or * to list all spells.
Okay, then.
You feel better.
Okay, then.
Aiming: Fastroot
Press: ? - help, Shift-Dir - straight line, f/p - minotaur
Aim: a minotaur, wielding the +7 arbalest "Leroll" {heavy, rF++ Will+ rCorr}, wearing a +0 plate armour and quivering silver javelins (blue smoke, haloed)
The roots erupt in riotous growth!
Roots grab the minotaur.
The grasping roots constrict the minotaur.
The minotaur shoots a bolt.
The bolt hits you!!
You die...

#...##≈...#. #####.♣.
##.P.## ........##..♣.#t
##.###.♣.#...P.#©
........#.♣...#!
..#.#.©.#.....#.
#########.#.#...#.....#.
#8:8§8§8#§..#.©.#.....##
#∩.H§H§@§§###...#..∩....
#8}8§8§8#§..#.©.#.....##
#########.#.#...#.....#w
.....#.#.©.#.P...#[
#8..........#.♣...#.
##.##.###.♣.#..P..#©
#..........##..♣.#[
########.♣.###...#!
#...##≈...#w


You could see a minotaur (rooted).

Vanquished Creatures
  4 two-headed ogres
  2 boulder beetles (D:11)
  A moth of wrath (Gauntlet)
  2 slime creatures (D:10)
  A cane toad (Lair:1)
  An efreet (D:9)
  A komodo dragon (Lair:1)
  2 trolls (D:11)
  Grinder (D:3)
  2 shadows
  2 wraiths (D:11)
  3 wyverns
  A vampire (D:10)
  7 yaks (D:10)
  3 wargs (D:11)
  An acid dragon (D:10)
  3 swamp worms (Gauntlet)
  2 water moccasins
  A black bear (D:7)
  An ice beast (D:6)
  2 orc warriors (D:8)
  Pargi (Sewer)
  5 ogres
  5 wolves (Gauntlet)
  5 centaurs
  2 phantoms
  5 bullfrogs
  4 kobold brigands
  2 gnoll sergeants
  7 scorpions
  3 wights (D:9)
  4 howler monkeys
  3 orc priests
  8 hounds
  2 jellies
  2 gnoll boudas
  3 iguanas
  Ijyb (D:4)
  Crazy Yiuf (D:4)
  9 orc wizards
  21 gnolls
  11 adders
  A river rat (D:3)
  2 white imps
  An ufetubus (D:4)
  4 worms
  4 dart slugs
  20 orcs
  10 endoplasms
  4 giant cockroaches
  4 goblins
  8 hobgoblins
  16 jackals
  38 kobolds
  5 quokkas
  7 ball pythons
  9 bats
  4 frilled lizards
  8 rats
292 creatures vanquished.

Vanquished Creatures (others)
  A jackal zombie (D:4)
  17 fungi
  8 plants (D:9)
26 creatures vanquished.

Grand Total: 318 creatures vanquished

Notes
Turn   | Place    | Note
-------+----------+-------------------------------------------
     0 | D:1      | garrulousMonolith the Gargoyle Earth Elementalist began the
                  | quest for the Orb.
     0 | D:1      | Reached XP level 1. HP: 10/10 MP: 3/3
    95 | D:1      | Reached skill level 1 in Transmutations
    95 | D:1      | Reached XP level 2. HP: 15/15 MP: 3/5
   461 | D:1      | Reached skill level 1 in Conjurations
   492 | D:1      | Reached skill level 4 in Earth Magic
   708 | D:1      | Reached XP level 3. HP: 20/20 MP: 4/6
   743 | D:1      | Learned a level 3 spell: Stone Arrow
   746 | D:1      | Learned a level 2 spell: Passwall
  1149 | D:2      | Found Weteajok's Magic Scroll Shoppe.
  1229 | D:2      | Identified the +10 mace "Umu Wyvum" {chaos, *Slow rPois
                  | Will+}
  1241 | D:2      | Found Hyroanol's Distillery.
  1250 | D:2      | Bought a potion of heal wounds for 50 gold pieces
  1282 | D:2      | Found Uxaidghet's Weapon Shoppe.
  1298 | D:2      | Reached skill level 1 in Fighting
  1303 | D:2      | Reached XP level 4. HP: 25/25 MP: 3/7
  1306 | D:2      | Reached skill level 1 in Armour
  1696 | D:2      | Found Teuc's Distillery.
  1788 | D:2      | Found a faded altar of an unknown god.
  2250 | D:3      | Reached XP level 5. HP: 27/29 MP: 4/8
  2260 | D:3      | Found a glowing drain.
  2264 | Sewer    | Entered a sewer
  2405 | Sewer    | Noticed Pargi
  2410 | Sewer    | Killed Pargi
  2557 | D:3      | Reached XP level 6. HP: 35/35 MP: 4/9
  2561 | D:3      | Reached skill level 5 in Earth Magic
  3076 | D:3      | Found a hide-covered altar of Uskayaw.
  3203 | D:3      | Noticed Grinder
  3215 | D:3      | Killed Grinder
  3216 | D:3      | Reached skill level 1 in Maces & Flails
  3216 | D:3      | Reached XP level 7. HP: 15/40 MP: 4/11
  3625 | D:4      | Learned a level 1 spell: Shock
  4185 | D:4      | Noticed Ijyb
  4191 | D:4      | Killed Ijyb
  4287 | D:4      | Found the +10 morningstar "Eos" {elec, Halo rElec}
  4302 | D:4      | Found a runed translucent door.
  4303 | D:4      | Noticed Crazy Yiuf
  4348 | D:4      | Killed Crazy Yiuf
  4563 | D:5      | Entered Level 5 of the Dungeon
  4575 | D:5      | Reached skill level 6 in Earth Magic
  4584 | D:5      | Found Uraddene's Jewellery Shoppe.
  4588 | D:5      | Reached XP level 8. HP: 42/45 MP: 12/12
  4739 | D:5      | Found Zuerig's Jewellery Emporium.
  4849 | D:5      | Found Wijitat's Weapon Boutique.
  4858 | D:5      | Reached skill level 5 in Conjurations
  4930 | D:5      | Reached skill level 7 in Earth Magic
  5023 | D:5      | Found Qibit's Armour Boutique.
  5031 | D:5      | Bought a +2 helmet of see invisible for 258 gold pieces
  5670 | D:6      | Reached XP level 9. HP: 50/52 MP: 4/14
  5775 | D:6      | Found Teuc's Armour Shoppe.
  5961 | D:6      | Found a white marble altar of Elyvilon.
  5961 | D:6      | Found a sparkling altar of Nemelex Xobeh.
  5971 | D:6      | Found a stormy altar of Qazlal.
  5974 | D:6      | Found a bloodstained altar of Trog.
  6146 | D:7      | Found a staircase to the Ecumenical Temple.
  6165 | Temple   | Entered the Ecumenical Temple
  6335 | Temple   | Became a worshipper of Warmaster Okawaru
  7150 | D:7      | Reached skill level 8 in Earth Magic
  7481 | D:8      | Reached skill level 1 in Invocations
  7592 | D:8      | Noticed a two-headed ogre
  7603 | D:8      | You fall into a shaft and drop 3 floors!
  7605 | D:11     | Noticed a troll
  7608 | D:11     | Noticed a two-headed ogre
  7611 | D:11     | Killed a troll
  7611 | D:11     | Reached * piety under Okawaru
  7620 | D:10     | Entered Level 10 of the Dungeon
  7839 | D:10     | Noticed a two-headed ogre
  7844 | D:10     | Killed a two-headed ogre
  7844 | D:10     | Reached ** piety under Okawaru
  7845 | D:10     | Reached skill level 5 in Fighting
  7845 | D:10     | Reached XP level 10. HP: 59/59 MP: 5/16
  7957 | D:10     | Reached skill level 5 in Armour
  8328 | D:8      | Reached skill level 9 in Earth Magic
  8742 | D:9      | Noticed a two-headed ogre
  8747 | D:9      | Killed a two-headed ogre
  8902 | D:9      | Found a staircase to the Lair.
  8907 | D:9      | Reached *** piety under Okawaru
  8981 | D:9      | Reached skill level 5 in Spellcasting
  9197 | D:9      | Found a burning altar of Makhleb.
  9203 | D:9      | Noticed a two-headed ogre
  9206 | D:9      | Killed a two-headed ogre
  9385 | D:9      | Reached XP level 11. HP: 64/64 MP: 6/18
  9644 | D:10     | Reached **** piety under Okawaru
  9645 | D:10     | Reached skill level 10 in Earth Magic
  9648 | D:10     | Reached skill level 5 in Maces & Flails
  9961 | D:10     | Found the +11 Singing Sword {sonic wave}
 10090 | D:11     | Noticed a boulder beetle
 10101 | D:11     | Killed a boulder beetle
 10189 | D:11     | Reached skill level 5 in Dodging
 10198 | D:11     | Killed a two-headed ogre
 10198 | D:11     | Received a gift from Okawaru
 10510 | D:11     | Found a staircase to the Orcish Mines.
 10653 | D:11     | Noticed a boulder beetle
 10665 | D:11     | Killed a boulder beetle
 10665 | D:11     | Reached ***** piety under Okawaru
 10786 | D:11     | Found Yngam's Assorted Antiques.
 10791 | D:11     | Bought a copper wand for 136 gold pieces
 11396 | D:5      | Bought a ring of willpower for 275 gold pieces
 11399 | D:5      | Identified a scroll of acquirement
 11399 | D:5      | Acquired the amulet "Epecanwo" {Faith rN+ Regen+ SInv}
 11585 | Lair:1   | Entered Level 1 of the Lair of Beasts
 11685 | Lair:1   | Found a gate leading to a gauntlet.
 11701 | Gauntlet | Entered a Gauntlet
 11701 | Gauntlet | Found a transporter.
 11706 | Gauntlet | Noticed a moth of wrath
 11711 | Gauntlet | Found a transporter.
 11716 | Gauntlet | Noticed a shining eye
 11722 | Gauntlet | Found a transporter.
 11725 | Gauntlet | Found a transporter.
 11729 | Gauntlet | Found a runed translucent door.
 11730 | Gauntlet | Found a runed translucent door.
 11733 | Gauntlet | Found a transporter.
 11733 | Gauntlet | Noticed a balrug
 11748 | Gauntlet | Noticed a ghost crab
 11749 | Gauntlet | Found a transporter.
 11762 | Gauntlet | Found a transporter.
 11770 | Gauntlet | Noticed a quicksilver ooze
 11774 | Gauntlet | Found a transporter.
 11779 | Gauntlet | Found a transporter.
 11779 | Gauntlet | Found a transporter.
 11807 | Gauntlet | Found a transporter.
 11862 | Gauntlet | Found a transporter.
 11869 | Gauntlet | Found a transporter.
 11936 | Gauntlet | Found a transporter.
 11959 | Gauntlet | Reached skill level 11 in Earth Magic
 11965 | Gauntlet | Killed a moth of wrath
 11971 | Gauntlet | Reached XP level 12. HP: 69/71 MP: 13/20
 11984 | Gauntlet | Identified the ring "Cerchuat" {Will+ Dex+4 Stlth+}
 12067 | Gauntlet | Identified the ring "Diarr" {Will++ Dex+6}
 12084 | Gauntlet | Identified the +7 arbalest "Leroll" {heavy, rF++ Will+
                  | rCorr}
 12084 | Gauntlet | Noticed a minotaur
 12087 | Gauntlet | HP: 2/71 [minotaur/bolt (25)]
 12092 | Gauntlet | Shot with a bolt by a minotaur

Illustrated notes

Levels and vault maps discovered:
D:1:      beargit_arrival_greenhouse, layout_loops_corners
D:2:      layout_basic, serial_shops, nicolae_shop_behind_doors,
          nicolae_square_shop, shop, shop, chequers_ecumenical_altar_lobes,
          grunt_decor_resistance
D:3:      layout_basic, nicolae_uskayaw_murder_on_the_dancefloor,
          gup_sewer_entry_bowl, nrook_mini_vaults, minmay_vboxes, uniq_grinder
D:4:      layout_loops_ring, uniq_crazy_yiuf_cottage, uniq_ijyb
D:5:      layout_rooms, serial_shops, shop, nicolae_shop_advertising_works
          [nicolae_subvault_shop_adworks], shop, shop, minmay_pentangle
D:6:      layout_basic, grunt_temple_overflow_cloverleaf,
          nicolae_overflow_hidden_temple, serial_shops, shop,
          lightli_orcish_oven
D:7:      layout_basic, minmay_temple_entry_drinking_statues,
          serial_co_window_serial, co_window_corner_a, co_window_corner_a,
          co_window_paths_a, co_window_corner_a, co_window_of_opportunity_a,
          co_window_2corner, co_window_unsneaky_path_b, co_window_corner_b,
          co_window_paths_c, co_window_cross_4, glass_columns_b,
          glass_columns_c, glass_columns_c
D:8:      layout_gridville, onia_ninara_dug_in_and_dangerous
D:9:      layout_roguey, mainiacjoe_overflow_alcove_2, dpeg_oklobed_lair,
          amcnicky_mini_corridor_feature
D:10:     old_forge, layout_basic
D:11:     layout_basic, minmay_orc_entry_guard_dogs, serial_shops,
          shop_fountains
Temple:   hellmonk_temple_forest_ring
Lair:1:   dreamdust_isle_of_ice, layout_chaotic_city, gauntlet_entry_generic,
          grunt_megastairs_5
Gauntlet: minmay_gauntlet_77_tree [minmay_gauntlet_arena_77_double_cross,
          minmay_gauntlet_arena_77_block_sizes,
          minmay_gauntlet_arena_77_p_blocks,
          minmay_gauntlet_arena_77_chump_sandwich,
          minmay_gauntlet_arena_77_hold_the_fort,
          minmay_gauntlet_arena_77_squiggly,
          minmay_gauntlet_arena_77_shame_cube,
          nicolae_gauntlet_exit_dead_adventurers]

Skill      XL: |  1  2  3  4  5  6  7  8  9 10 11 |
---------------+----------------------------------+-----
Transmutations | 1 |  1.0
Conjurations   | 1 2 3 4 5 7 8 9 |  9.6
Earth Magic    | 4 5 6 7 8 9 11 | 11.1
Fighting       | 1 2 3 5 6 |  6.7
Armour         | 1 2 3 4 5 6 |  6.7
Dodging        | 2 3 4 5 |  5.3
Maces & Flails | 1 2 4 5 |  5.8
Spellcasting   | 3 4 5 |  5.9
Invocations    | 2 3 4 |  4.9
Stealth        | |  2.1

Action                   |  1- 3 |  4- 6 |  7- 9 | 10-12 || total
-------------------------+-------+-------+-------+-------++-------
Melee: Trident           |    23 |       |       |       ||    23
       Mace              |     3 |    18 |    38 |       ||    59
       Morningstar       |       |       |   144 |   248 ||   392
       Punch             |       |       |     4 |     2 ||     6
 Cast: Sandblast         |    46 |    84 |    33 |    11 ||   174
       Stone Arrow       |       |       |    16 |    47 ||    63
Invok: Heroism           |       |       |       |     6 ||     6
       Finesse           |       |       |       |     1 ||     1
Evoke: Wand              |       |       |       |     1 ||     1
  Use: Scroll            |     1 |     2 |    13 |     8 ||    24
       Potion            |     1 |       |     2 |     4 ||     7
 Stab: Sleeping          |     1 |       |       |       ||     1
       Confused          |       |       |     1 |       ||     1
Armor: Robe              |     7 |       |    19 |       ||    26
       Leather armour    |     5 |    27 |    22 |       ||    54
       Ring mail         |       |       |    43 |   156 ||   199
Dodge: Dodged            |    33 |    42 |   205 |   338 ||   618

Table legend: (Time is in decaauts)
 A = Elapsed time spent in this place.
 B = Non-inter-level travel time spent in this place.
 C = Inter-level travel time spent in this place.
 D = Time resting spent in this place.
 E = Time spent auto-exploring this place.
 F = Levels seen in this place.
 G = Mean time per level.
                   A        B        C        D        E       F      G
               +--------+--------+--------+--------+--------+-----+--------+
         Total |  12316 |  11689 |    627 |   1397 |   8135 |  15 |  821.1 |
       Dungeon |  11383 |  10787 |    596 |   1377 |   7583 |  11 | 1034.8 |
        Temple |    188 |    157 |     31 |      0 |    128 |   1 |  188.0 |
          Lair |    119 |    119 |      0 |      0 |      0 |   1 |  119.0 |
         Sewer |    240 |    240 |      0 |      0 |    184 |   1 |  240.0 |
      Gauntlet |    383 |    383 |      0 |     20 |    240 |   1 |  383.0 |
               +--------+--------+--------+--------+--------+-----+--------+

Top non-repeatable levels by time:
    D:11: 1254 daAuts
     D:1: 1159 daAuts
     D:7: 1139 daAuts
     D:3: 1121 daAuts
     D:2: 1088 daAuts
     D:4: 1073 daAuts
     D:9: 992 daAuts
    D:10: 969 daAuts
     D:5: 946 daAuts
     D:8: 869 daAuts
     D:6: 769 daAuts
Gauntlet: 383 daAuts
   Sewer: 240 daAuts
  Temple: 188 daAuts
  Lair:1: 119 daAuts
